 Dungeon Crawl Stone Soup version 0.18.1-8-gdd0e5ea (webtiles) character file.

60 Gargoyl the Skirmisher (level 3, 0/30 HPs)
             Began as a Demonspawn Abyssal Knight on June 4, 2016.
             Was a Follower of Lugonu.
             Succumbed to a gnoll's poison
             ... on level 2 of the Dungeon.
             The game lasted 00:03:11 (1274 turns).

Gargoyl the Skirmisher (Demonspawn Abyssal Knight)  Turns: 1274, Time: 00:03:12

Health: 0/30       AC:  5    Str: 16    XL:     3   Next: 80%
Magic:  4/4        EV:  7    Int: 13    God:    Lugonu [*.....]
Gold:   112        SH:  0    Dex: 12    Spells: 0 memorised, 2 levels left

rFire  . . .     SeeInvis .     a - +1 hand axe
rCold  . . .     Gourm    .     w - +0 chain mail (curse)
rNeg   . . .     Faith    .     (no shield)
rPois  .         Spirit   .     (helmet restricted)
rElec  .         Dismiss  .     j - +0 cloak
rCorr  .         Reflect  .     (no gloves)
SustAt .         Harm     .     (no boots)
MR     .....     Rnd*Rage +     (no amulet)
Stlth  ..........               (no ring)
                                d - +3 ring of strength

@: lethally poisoned (0 -> -19), flying, not resistant to hostile enchantments,
extremely unstealthy
A: antennae 1, berserk 1, deformed body, low mp 1, powered by pain 1
a: Depart the Abyss, Renounce Religion


You were on level 2 of the Dungeon.
You worshipped Lugonu.
Lugonu was aware of your devotion.
You were not hungry.

You visited 1 branch of the dungeon, and saw 2 of its levels.
You visited the Abyss 1 time.

You collected 112 gold pieces.

Inventory:

Hand Weapons
 a - a +1 hand axe (weapon)
 x - a +0 flail
Armour
 j - a +0 cloak (worn)
 w - a cursed +0 chain mail (worn)
Jewellery
 d - a +3 ring of strength (left hand)
Scrolls
 g - 2 scrolls of random uselessness {unknown}
 i - a scroll of immolation {unknown}
 k - a scroll of magic mapping {unknown}
 n - 2 scrolls of remove curse {unknown}
 o - a scroll of teleportation {unknown}
 q - a scroll of fog {unknown}
 s - a scroll of identify {unknown}
 t - a scroll of recharging {unknown}
 u - 2 scrolls of enchant armour {unknown}
Potions
 l - a potion of heal wounds {unknown}
 m - a potion of mutation
 p - a potion of curing {unknown}
 r - a potion of degeneration {unknown}
Comestibles
 b - 4 fruits
 c - 4 bread rations
 f - 2 meat rations
 h - a beef jerky
 z - a chunk of flesh


   Skills:
 + Level 3.8 Fighting
 + Level 2.1 Axes
 + Level 2.0 Armour
 + Level 1.9 Dodging
 + Level 0.4 Stealth
 + Level 2.5 Invocations


You had 2 spell levels left.
You didn't know any spells.

Dungeon Overview and Level Annotations

Branches:
Dungeon (2/15)

Altars:


Innate Abilities, Weirdness & Mutations

You have a pair of small antennae on your head.
You sometimes gain a little power by taking damage.
You tend to lose your temper in combat.
Armour fits poorly on your strangely shaped body.
Your magical capacity is low (-10% MP).


Message History

The jackal bites you.
* * * LOW HITPOINT WARNING * * *
You slash the jackal!
You kill the jackal!
Lugonu accepts your kill.
* * * LOW HITPOINT WARNING * * *
You feel sick.
Unknown command.
Drink which item? (? for menu, Esc to quit)
It was a potion of mutation.
You feel extremely strange.
You feel less energetic.
Your body twists and deforms.
You feel a little pissed off.
You feel a little less mighty now.
* * * LOW HITPOINT WARNING * * *
You feel sick.
Drink which item? (? for menu, Esc to quit)
It was a potion of flight.
You feel very buoyant.
You fly up into the air.
You die...

.. .. #.....)..##.#
.......#...#...........#
.......#...#...........
...............!......
#...........#.....$.####
#...........#....<......
............#....)..####
................@......#
.......................#
...............[.......#
.........###.............
...#.....................
...#...............>.....
)...............###......
...#####.........# ......
...# #................


There were no monsters in sight!

Vanquished Creatures
  2 gnolls (D:2)
  An adder (D:2)
  A giant gecko (D:1)
  A bat (D:2)
  A giant cockroach (D:2)
  2 goblins (D:1)
  4 hobgoblins
  5 jackals
  5 giant newts
  5 kobolds (D:1)
  4 rats
31 creatures vanquished.

Notes
Turn   | Place    | Note
--------------------------------------------------------------
     0 | Abyss:1  | Gargoyl the Demonspawn Abyssal Knight began the quest for the Orb.
     0 | Abyss:1  | Reached XP level 1. HP: 18/18 MP: 2/2
    87 | Abyss:2  | Noticed a large abomination
    95 | Abyss:2  | Noticed a large abomination
    99 | D:1      | Escaped the Abyss
   252 | D:1      | Gained mutation: You have a pair of small antennae on your head. [demonic ancestry]
   252 | D:1      | Reached XP level 2. HP: 24/24 MP: 3/3
   258 | D:1      | Reached * piety under Lugonu
  1031 | D:2      | Reached skill level 1 in Dodging
  1223 | D:2      | Gained mutation: You sometimes gain a little power by taking damage. [demonic ancestry]
  1223 | D:2      | Reached XP level 3. HP: 30/30 MP: 4/4
  1273 | D:2      | Gained mutation: Your magical capacity is low (-10% MP). [potion of mutation]
  1273 | D:2      | Gained mutation: Armour fits poorly on your strangely shaped body. [potion of mutation]
  1273 | D:2      | Gained mutation: You tend to lose your temper in combat. [potion of mutation]
  1274 | D:2      | Succumbed to a gnoll's poison

Skill      XL: |  1  2  3 |
---------------+----------+-----
Axes           | 2 |  2.1
Dodging        | 1 |  1.9
Armour         | 2 |  2.0
Fighting       | |  3.8
Stealth        | |  0.4
Invocations    | |  2.5

Action                   || total
-------------------------++-------
Melee: Hand axe          ||    79
Invok: Depart the Abyss  ||     1
  Use: Potion            ||     2
  Eat: Chunk             ||     1
Armor: Leather armour    ||    28
       Ring mail         ||    10
       Chain mail        ||     7
Dodge: Dodged            ||    65
